 Dungeon Crawl Stone Soup version 0.24-a0-537-g2d01d4ab0a (webtiles) character file.

Game seed: 8489996512276869555

3628 Peloso the Carver (level 9, 0/79 HPs)
             Began as a Minotaur Fighter on Aug 15, 2019.
             Was a Follower of Okawaru.
             Slain by an orc warrior
             ... wielding a +0 halberd
              (7 damage)
             ... on level 8 of the Dungeon.
             The game lasted 00:15:45 (7096 turns).

Peloso the Carver (Minotaur Fighter)                Turns: 7096, Time: 00:15:45

Health: 0/79       AC: 19    Str: 23    XL:     9   Next: 87%
Magic:  6/8        EV:  9    Int:  5    God:    Okawaru [*.....]
Gold:   321        SH: 13    Dex: 11    Spells: 8/8 levels left

rFire    . . .     SeeInvis +   a - +0 long sword
rCold    . . .     Gourm    +   c - +0 shield
rNeg     . . .     Faith    .   q - +0 plate armour
rPois    .         Spirit   .   w - +1 hat
rElec    .         Reflect  .   o - +1 cloak
rCorr    .         Harm     .   (no gloves)
MR       .....                  (no boots)
Stlth    ..........             p - amulet of the gourmand
HPRegen  0.23/turn              B - ring of stealth
MPRegen  0.11/turn              d - ring of see invisible

@: heroism
A: retaliatory headbutt, horns 2
a: Heroism, Renounce Religion


You were on level 8 of the Dungeon.
You worshipped Okawaru.
Okawaru was aware of your devotion.
You were very full.

You visited 2 branches of the dungeon, and saw 9 of its levels.

You collected 321 gold pieces.

Inventory:

Hand Weapons
 a - a +0 long sword (weapon)
Armour
 b - a +0 scale mail
 c - a +0 shield (worn)
 o - a +1 cloak (worn)
 q - a +0 plate armour (worn)
 w - a +1 hat (worn)
Jewellery
 d - a ring of see invisible (right hand)
 h - a +5 ring of intelligence
 p - an amulet of the gourmand (around neck)
 A - an uncursed ring of ice
 B - a ring of stealth (left hand)
Wands
 C - a wand of iceblast (8)
Scrolls
 g - 14 scrolls of identify {unknown}
 i - 2 scrolls of enchant armour {unknown}
 j - 7 scrolls of teleportation {unknown}
 k - 3 scrolls of remove curse {unknown}
 l - a scroll of noise {unknown}
 m - 3 scrolls of fog {unknown}
 r - a scroll of random uselessness {unknown}
 s - 4 scrolls of amnesia {unknown}
 x - a scroll of immolation {unknown}
 y - a scroll of blinking {unknown}
 z - 3 scrolls of fear {unknown}
Potions
 e - 3 potions of agility
 n - 2 potions of flight {unknown}
 t - a potion of curing
 u - 2 potions of lignification {unknown}
 v - 2 potions of magic {unknown}
Comestibles
 f - 15 rations
 D - 2 chunks of flesh


   Skills:
 + Level 7.6(12.6) Fighting
 + Level 11.3(16.3) Long Blades
 + Level 8.1(13.1) Armour
 + Level 1.3(6.3) Dodging
 + Level 0.5(5.5) Stealth
 + Level 8.7(13.7) Shields


You had 8 spell levels left.
You didn't know any spells.
Your spell library contained the following spells:

 Spells                   Type           Power        Failure   Level  Hunger
 Confusing Touch          Hex            #.....       99%         1    ##.....
 Confuse                  Hex            #.......     100%        3    ####...
 Gell's Gravitas          Tloc           #.........   100%        3    ####...
 Petrify                  Tmut/Erth      #.......     100%        4    #####..
 Metabolic Englaciation   Hex/Ice        #.........   100%        5    ######.
 Yara's Violent Unravell  Hex/Tmut       #.........   100%        5    ######.


Dungeon Overview and Level Annotations

Branches:
Dungeon (8/15)             Temple (1/1) D:7
   Lair: D:8-11

Altars:
Ashenzari
Cheibriados
Dithmenos
Elyvilon
Fedhas
Gozag
Hepliaklqana
Kikubaaqudgha
Makhleb
Nemelex Xobeh
Okawaru
Qazlal
Ru
Sif Muna
Trog
Uskayaw
Vehumet
Wu Jian
Xom
Zin
The Shining One

Shops:
D:6 (   D:7 (


Innate Abilities, Weirdness & Mutations

You reflexively headbutt those who attack you in melee.
You have a pair of horns on your head.


Message History

* * * LOW HITPOINT WARNING * * *
You feel sick.
It was a potion of curing.
You feel better. You block the orc warrior's attack.
You gain the combat prowess of a mighty hero.
You block the orc warrior's attack.
You slash the orc warrior!
The orc warrior is moderately wounded.
The orc warrior hits you with a +0 halberd!
* * * LOW HITPOINT WARNING * * *
You hit the orc warrior.
The orc warrior is heavily wounded.
You hit the orc warrior but do no damage.
The orc warrior is heavily wounded.
The orc warrior hits you with a +0 halberd!
* * * LOW HITPOINT WARNING * * *
You hit the orc warrior but do no damage.
The orc warrior is heavily wounded.
You feel better.
The orc warrior hits you with a +0 halberd!
You die...

###########
.........########
#..####.#..@oo.# #
####..##...[.####)######
#.#........#.###
#...y.y.# #.#.##..####.#
#.o####y# #.......# #.#
#..# ###.###....... #...
#..# #....... #.## #.##
#...##### ## #.# #.....


You could see an orc warrior and an orc.

Vanquished Creatures
  A hippogriff (D:8)
  A spriggan (D:8)
  A hungry ghost (D:7)
  2 humans (D:8)
  Edmund (D:5)
  A black bear (D:7)
  A sky beast (D:4)
  A phantom (D:6)
  2 orc warriors
  A centaur (D:5)
  3 ogres
  4 bullfrogs
  A gnoll sergeant (D:7)
  5 scorpions
  5 killer bees (D:8)
  3 wights (D:7)
  A bullfrog zombie (D:6)
  A crimson imp (D:7)
  3 orc priests
  Crazy Yiuf (D:2)
  3 hounds
  An iguana (D:6)
  7 orc wizards
  9 worker ants
  A hound zombie (D:7)
  A worker ant zombie (D:7)
  11 gnolls
  11 adders
  3 shadow imps
  A worm (D:2)
  3 dart slugs
  5 leopard geckos
  37 orcs
  9 bats
  6 giant cockroaches
  8 hobgoblins
  8 jackals
  2 quokkas
  A ball python skeleton (D:5)
  8 frilled lizards
  10 goblins
  5 kobolds
  2 leopard gecko skeletons (D:4)
  A leopard gecko zombie (D:5)
  2 quokka zombies
  3 rats
197 creatures vanquished.

Notes
Turn   | Place    | Note
-------+----------+-------------------------------------------
     0 | D:1      | Peloso the Minotaur Fighter began the quest for the Orb.
     0 | D:1      | Reached XP level 1. HP: 19/19 MP: 0/0
    98 | D:1      | Reached XP level 2. HP: 27/27 MP: 1/1
   474 | D:1      | Reached XP level 3. HP: 33/33 MP: 2/2
   700 | D:2      | Found a runed translucent door.
   701 | D:2      | Noticed Crazy Yiuf
   780 | D:2      | Found a hide-covered altar of Uskayaw.
   793 | D:2      | Found a burning altar of Makhleb.
   813 | D:2      | Reached skill level 3 in Long Blades
   902 | D:2      | Reached XP level 4. HP: 32/40 MP: 3/3
  1211 | D:2      | Reached skill level 5 in Shields
  1644 | D:2      | Killed Crazy Yiuf
  1644 | D:2      | Reached skill level 4 in Long Blades
  1644 | D:2      | Reached XP level 5. HP: 31/46 MP: 0/4
  2083 | D:3      | Found a shimmering blue altar of Sif Muna.
  2569 | D:4      | Noticed an ogre
  2569 | D:4      | Noticed a sky beast
  2596 | D:4      | Killed an ogre
  2596 | D:4      | Reached skill level 5 in Long Blades
  2596 | D:4      | Reached XP level 6. HP: 36/53 MP: 5/5
  2601 | D:4      | Killed a sky beast
  2626 | D:4      | Reached skill level 5 in Armour
  2644 | D:4      | Found an ancient bone altar of Kikubaaqudgha.
  2645 | D:4      | Found a stormy altar of Qazlal.
  2646 | D:4      | Found a hazy altar of Hepliaklqana.
  3060 | D:4      | Reached XP level 7. HP: 57/60 MP: 6/6
  3096 | D:4      | Reached skill level 5 in Fighting
  3394 | D:4      | Found a sacrificial altar of Ru.
  3479 | D:5      | Entered Level 5 of the Dungeon
  3488 | D:5      | Reached skill level 6 in Long Blades
  3655 | D:5      | Noticed Edmund
  3663 | D:5      | Killed Edmund
  3795 | D:5      | Reached skill level 7 in Long Blades
  3795 | D:5      | Reached skill level 1 in Dodging
  4232 | D:5      | Reached XP level 8. HP: 68/68 MP: 7/7
  4378 | D:6      | Reached skill level 8 in Long Blades
  4821 | D:6      | Found Xerusowo's Weapon Boutique.
  5093 | D:6      | Found a sparkling altar of Nemelex Xobeh.
  5214 | D:6      | Reached skill level 9 in Long Blades
  5386 | D:7      | Found a shimmering altar of Xom.
  5387 | D:7      | Found a shimmering altar of Xom.
  5387 | D:7      | Found a shimmering altar of Xom.
  5387 | D:7      | Found a shimmering altar of Xom.
  5388 | D:7      | Found a shimmering altar of Xom.
  5390 | D:7      | Found a shimmering altar of Xom.
  5617 | D:7      | Reached XP level 9. HP: 50/75 MP: 8/8
  5949 | D:7      | Found a staircase to the Ecumenical Temple.
  6017 | D:7      | Reached skill level 10 in Long Blades
  6058 | Temple   | Entered the Ecumenical Temple
  6261 | D:7      | Found Sidush's Weapon Shoppe.
  6646 | D:8      | Found a snail-covered altar of Cheibriados.
  6680 | D:8      | Found an iron altar of Okawaru.
  6687 | D:8      | Became a worshipper of Warmaster Okawaru
  6818 | D:8      | Found a shadowy altar of Dithmenos.
  6818 | D:8      | Found an opulent altar of Gozag.
  6988 | D:8      | Reached * piety under Okawaru
  7026 | D:8      | Reached skill level 11 in Long Blades
  7094 | D:8      | HP: 1/79 [orc warrior/+0 halberd (13)]
  7096 | D:8      | Slain by an orc warrior

Levels and vault maps discovered:
D:1:      lightli_arrival_lavapool, layout_basic
D:2:      minmay_skewed_foursquare, layout_basic,
          eat_drink_and_be_merry_uskayaw, bloody_makhleb,
          uniq_crazy_yiuf_cottage
D:3:      layout_rooms, led_sif_pool, first_ration, roderic_serpentine_path,
          chequers_garden
D:4:      layout_rooms, kennysheep_little_box,
          chequers_temple_overflow_statue_of_worship
D:5:      layout_basic, uniq_edmund
D:6:      layout_loops_cross, nicolae_overflow_crystal_walls, serial_shops, shop
D:7:      layout_loops_corners, xom_redecorated, temple_pool_b, serial_shops,
          shop
D:8:      layout_loops_cross, lemuel_coloured_pillars_altar,
          gammafunk_temple_overflow_forgotten, okawaru_humans, the_bakery
Temple:   nicolae_temple_figure_zero

Skill      XL: |  1  2  3  4  5  6  7  8  9 |
---------------+----------------------------+-----
Shields        | 4 5 6 7 8 |  8.7
Armour         | 4 5 6 7 8 |  8.1
Fighting       | 4 5 6 7 |  7.6
Long Blades    | 3 4 5 7 9 11 | 11.3
Dodging        | 1 |  1.3
Stealth        | |  0.5

Action                   |  1- 3 |  4- 6 |  7- 9 || total
-------------------------+-------+-------+-------++-------
Melee: Long sword        |    83 |   147 |   438 ||   668
       Headbutt          |    12 |    19 |    91 ||   122
Invok: Heroism           |       |       |     1 ||     1
  Use: Potion            |     3 |     1 |     2 ||     6
  Eat: Chunk             |       |    14 |    22 ||    36
Armor: Scale mail        |    35 |    30 |       ||    65
       Plate armour      |       |    53 |   217 ||   270
Dodge: Dodged            |    38 |    32 |    87 ||   157
Block: Shield            |    48 |    82 |   219 ||   349
       Rpst.: Long sword |     9 |     8 |    18 ||    35

Table legend:
 A = Non-vault XP
 B = Vault XP
 C = Vault XP percentage of total XP
 D = Non-vault monster count
 E = Vault monster count
 F = Vault count percentage of total count
                 A         B        C        D         E       F
            +---------+---------+-------+---------+---------+-------
      Total |    4362 |     821 |  15.8 |     186 |      11 |   5.6
            +---------+---------+-------+---------+---------+-------
        D:1 |      47 |       0 |   0.0 |      27 |       0 |   0.0
        D:2 |     108 |      54 |  33.3 |      24 |       7 |  22.6
        D:3 |      37 |       0 |   0.0 |      12 |       0 |   0.0
        D:4 |     608 |       0 |   0.0 |      21 |       0 |   0.0
        D:5 |     516 |     157 |  23.3 |      32 |       1 |   3.0
        D:6 |     662 |       0 |   0.0 |      17 |       0 |   0.0
        D:7 |    1487 |       0 |   0.0 |      37 |       0 |   0.0
        D:8 |     897 |     610 |  40.5 |      16 |       3 |  15.8
            +---------+---------+-------+---------+---------+-------
